Cogmind - Beta 17.1 @@@ ROGUE MODE // 2026.08.25 @ 16:51:23 Player: Boatmurdered Result: Destroyed by Y-45 Defender with Heavy Assault Rifle Performance ------------- Evolutions (0) 0 Regions Visited (1) 200 Robots Destroyed (38) 190 Value Destroyed (693) 693 Prototype IDs (3) 60 Alien Tech Used (0) 0 Bonus (7133) 7133 TOTAL SCORE: 8276 Bonus ------- Follower Combat Kills 33 Prayed to X0-1V1 5000 Major X0-1V1 Interference 2100 Cogmind --------- Core Integrity 0/200 Matter 290/700 Energy 160/160 System Corruption 0% Temperature Cool (9) Movement Core (500) Ox9 Location -10/Materials Parts ------- > --- POWER (1) -------- Light Nuclear Core > --- PROPULSION (2) --- (None) > --- UTILITY (2) ------ Large Storage Unit X0-1V1's Piety Tracker > --- WEAPON (2) ------- Assault Rifle Light Assault Rifle (fused) > --- INVENTORY (15) --- Ion Engine Ion Engine Ion Engine Light Treads Light Treads Aluminum Leg Aluminum Leg Aluminum Leg Signal Interpreter Improved Terrain Scanner Seismic Detector Hacking Suite Light Assault Rifle Light Assault Rifle Mining Laser Peak State ------------ > --- POWER ------------ Light Nuclear Core > --- PROPULSION ------- Aluminum Leg Aluminum Leg > --- UTILITY ---------- Large Storage Unit X0-1V1's Piety Tracker > --- WEAPON ----------- Light Assault Rifle Light Assault Rifle > --- INVENTORY -------- Ion Engine Ion Engine Ion Engine Light Treads Light Treads Aluminum Leg Aluminum Leg Aluminum Leg Signal Interpreter Improved Terrain Scanner Seismic Detector Hacking Suite Light Assault Rifle Light Assault Rifle Mining Laser [Rating: 22] Favorites ----------- Power Ion Engine Engine Ion Engine Power Core Light Nuclear Core Propulsion Aluminum Leg Treads Light Treads Leg Aluminum Leg Utility Large Storage Unit Device Seismic Detector Storage Large Storage Unit Weapon Light Assault Rifle Energy Gun Small Laser Ballistic Gun Light Assault Rifle Special Weapon Mining Laser Build | -11 -10 ------- Run | Yrd Mat Slots Evolved . | . . Power . | . . Propulsion . | . . Utility . | . . Weapon . | . . Parts Attached 26 | 7 19 Power 4 | 1 3 Engine 3 | 1 2 Core 1 | . 1 Reactor . | . . Propulsion 7 | 2 5 Treads 2 | 2 . Leg 5 | . 5 Wheel . | . . Hover . | . . Flight . | . . Utility 6 | 2 4 Device 3 | 1 2 Storage 3 | 1 2 Processor . | . . Hackware . | . . Protection . | . . Artifact . | . . Weapon 9 | 2 7 Energy Gun 2 | 1 1 Energy Cannon . | . . Ballistic Gun 6 | 1 5 Ballistic Cannon . | . . Launcher . | . . Special Weapon 1 | . 1 Impact Weapon . | . . Slashing Weapon . | . . Piercing Weapon . | . . Special Melee Weapon . | . . Unidentified Prototypes 1 | . 1 Parts Lost 3 | . 3 Power . | . . Propulsion 3 | . 3 Utility . | . . Weapon . | . . Highest Loss Streak 2 | . 2 To Critical Strikes . | . . Average Backups 10 | 1 11 Power 2 | . 2 Propulsion 2 | . 2 Utility 3 | . 3 Weapon 2 | . 2 Tool/Special . | . . Unused Backups 10 | . 10 Power 4 | . 4 Propulsion 1 | . 1 Utility 4 | . 4 Weapon 1 | . 1 Tool/Special . | . . Average Slot Usage (%) 96 | . 96 Engine 10 | . 10 Core 3 | . 3 Treads 8 | . 8 Leg 15 | . 15 Device 14 | . 14 Storage 14 | . 14 Energy Gun 1 | . 1 Ballistic Gun 26 | . 26 Peak Build Rating 22 | 7 22 Average Rating 12 | 5 12 On Entrance 3 | . 7 Avg Prop Armor Cover (%) 9 | . 9 Naked Turns . | . . Heaviest Build 29 | 13 29 Greatest Support 40 | 40 40 Greatest Overweight (x) 2 | . 2 Average Overweight (x) . | . . Largest Inventory Capacity 15 | 8 15 Average Capacity 14 | 7 14 Most Carried 15 | 5 15 Average Carried 10 | 1 11 Final Capacity 15 | 8 15 Final Carried 15 | 4 15 Class Distribution -------------------- 100% | Mutant Dominant Class ---------------- Mutant | -10/Materials Resources | -11 -10 ----------- Run | Yrd Mat Matter Collected 698 | 145 553 Remotely . | . . Salvage Created 1025 | 122 903 Parts 73 | 10 63 Haulers Intercepted 1 | . 1 Recyclers Shooed . | . . Parts Field Recycled . | . . Retrieved Matter . | . . Parts Self-Destructed . | . . Prevented . | . . Parts Restored . | . . Kills | -11 -10 ------- Run | Yrd Mat Combat Hostiles Destroyed 27 | . 27 Guns 27 | . 27 Classes Destroyed 8 | 2 6 Tunneler 3 | 3 . Hauler 1 | . 1 Recycler 1 | 1 . Mechanic 1 | . 1 Operator 2 | . 2 Watcher 3 | . 3 Swarmer 15 | . 15 Grunt 12 | . 12 Best Kill Streak 6 | 2 6 Combat Bots Only 6 | . 6 Max Kills in Single Turn 1 | 1 1 Gunslinging . | . . Exploded . | . . Melee . | . . Uniques/NPCs Destroyed . | . . Combat | -11 -10 -------- Run | Yrd Mat Hostile Shots Fired 149 | . 149 Missed 44 | . 44 Hits 105 | . 105 Projectile 105 | . 105 AOE 1 | . 1 Critical Strikes 1 | . 1 Damage Taken 1191 | . 1191 Core 250 | . 250 Absorbed by Shields . | . . Core Remaining (%) 100 | 100 . Volleys Fired 124 | 8 116 Largest 2 | 2 2 Hottest 100 | 60 100 Shots Fired 246 | 16 230 Gun 245 | 16 229 Cannon . | . . Launcher . | . . Special 1 | . 1 Kinetic 219 | 8 211 Thermal 27 | 8 19 Explosive . | . . Electromagnetic . | . . Robot Hit Streak 19 | 4 19 Robot Miss Streak 4 | 1 4 Penetration Max . | . . Secondary Targets 5 | . 5 Max Gunslinging Chain 1 | . 1 Shots Hit Robots 166 | 10 156 Core Hits 72 | 6 66 Critical Kills . | . . Critical Parts Destroyed . | . . Critical Strikes . | . . Melee Attacks . | . . Impact . | . . Slashing . | . . Piercing . | . . Sneak Attacks . | . . Combat Hostiles . | . . Follow-up Attacks . | . . Damage Inflicted 1450 | 98 1352 Guns 1450 | 98 1352 Cannons . | . . Explosions . | . . Melee . | . . Ramming . | . . Kinetic 1276 | 40 1236 Thermal 174 | 58 116 Explosive . | . . Electromagnetic . | . . Impact . | . . Slashing . | . . Piercing . | . . Highest Corruption . | . . Average Corruption . | . . Corruption Purged . | . . Corruption Blocked . | . . Overload Shots . | . . Overflow Damage . | . . Projectiles . | . . Explosions . | . . Melee . | . . Knockbacks . | . . Impact . | . . Kinetic . | . . Secondary . | . . Self-Inflicted Damage . | . . Shots . | . . Rammed . | . . Targets Rammed . | . . Kicked . | . . Crushed . | . . Highest Temperature 108 | 40 108 Average Temperature 21 | 16 22 Received Heat Transfer 324 | . 324 Siege Activations . | . . Martial Activations . | . . Shielding Activations . | . . Robots Disrupted . | . . Combat Hostiles . | . . Robots Corrupted . | . . Combat Hostiles . | . . Parts Fried . | . . Impact Corruptions . | . . Robots Melted . | . . Combat Hostiles . | . . Parts Melted . | . . Heat Transferred 400 | 125 275 Parts Sabotaged . | . . Parts Stolen . | . . Parts Stripped . | . . Power Chain Reactions . | . . Alert | -11 -10 ------- Run | Yrd Mat Maximum Alert Level . | . . Low Security (%) 100 | 100 100 Level 1 . | . . Level 2 . | . . Level 3 . | . . Level 4 . | . . Level 5 . | . . High Security . | . . Max Security . | . . Peak Influence 138 | 10 138 Initial . | . . Average 45 | 1 47 Influence Increases 765 | 20 745 Destroy 0b10 Robot/C 560 | . 560 Destroy 0b10 Robot/NC 55 | 20 35 Destroy Leader 88 | . 88 Allied During Kill 1 | . 1 Successful Hack 30 | . 30 Destroy Structure 1 | . 1 Lose Combat Pursuer 30 | . 30 Influence Decreases 647 | 20 627 Time Decay 617 | 20 597 Lost Part 30 | . 30 Squads Dispatched 5 | . 5 Investigation 4 | . 4 Extermination . | . . Reinforcement 1 | . 1 Assault . | . . Garrison . | . . Intercept . | . . Searches Triggered . | . . Construction Impeded . | . . Haulers Reinforced . | . . Active Scanning Responses . | . . Cargo Convoy Interrupts . | . . Stealth | -11 -10 --------- Run | Yrd Mat Distress Signals 3 | . 3 Communications Jammed . | . . Distress Signals . | . . Times Spotted 60 | . 60 Peak Tracking Total 7 | . 7 Tactical Retreats 2 | . 2 Traps | -11 -10 ------- Run | Yrd Mat Traps Triggered 3 | . 3 Indirectly . | . . Trap Hack Attempts . | . . Triggered . | . . Disarmed . | . . Reprogrammed . | . . Reused . | . . Traps Extracted . | . . Installed . | . . Triggered . | . . Machines | -11 -10 ---------- Run | Yrd Mat Machines Disabled . | . . Max in Single Turn . | . . Machines Repaired . | . . Machines Dismantled . | . . Machines Sabotaged . | . . Overloaded Fab Kills . | . . Hacking | -11 -10 --------- Run | Yrd Mat Machines Accessed 7 | . 7 Terminals 6 | . 6 Fabricators . | . . Repair Stations 1 | . 1 Recycling Units . | . . Scanalyzers . | . . Garrison Access . | . . Total Hacks 21 | . 21 Successful 12 | . 12 Failed 9 | . 9 Catastrophic . | . . Database Lockouts . | . . Manual 18 | . 18 Terminals 19 | . 19 Fabricators . | . . Repair Stations 2 | . 2 Recycling Units . | . . Scanalyzers . | . . Garrison Access . | . . Terminal Hacks 2 | . 2 Robot Analysis 1 | . 1 Prototype ID Bank 1 | . 1 Fabricator Hacks . | . . Repair Station Hacks 1 | . 1 Scan Component 1 | . 1 Recycling Unit Hacks . | . . Scanalyzer . | . . Garrison Access Hacks . | . . Unauthorized Hacks 9 | . 9 Terminals 9 | . 9 Botnet 3 | . 3 Operators 1 | . 1 Skim 5 | . 5 Fabricators . | . . Repair Stations . | . . Recycling Units . | . . Scanalyzers . | . . Garrison Access . | . . Data Cores Recovered . | . . Used . | . . Hacking Detections 7 | . 7 Full Trace Events 1 | . 1 Feedback Events . | . . Feedback Blocked . | . . Robot Schematics Acquired . | . . Robots Built . | . . Authchips . | . . Time . | . . Total Robot Build Rating . | . . Part Schematics Acquired . | . . Parts Built . | . . Authchips . | . . Time . | . . Total Part Build Rating . | . . Part Studies Acquired . | . . Parts Repaired . | . . Time . | . . Parts Recycled . | . . Recycled Matter . | . . Retrieved Matter . | . . Retrieved Components . | . . Parts Scanalyzed . | . . Part Schematics Acquired . | . . Parts Damaged . | . . Bothacking | -11 -10 ------------ Run | Yrd Mat Used RIF Installer . | . . Robots Hacked . | . . Non-combat . | . . Combat . | . . Robot Hacks Applied . | . . Relay Couplers Released . | . . Fabnet Peak Effective % . | . . Robots Rewired . | . . Allies Hacked . | . . Hacks Repelled . | . . Allies | -11 -10 -------- Run | Yrd Mat Total Allies 1 | . 1 Largest Group 1 | . 1 Highest-Rated Group 57 | . 57 Highest-Rated Ally 57 | . 57 Total Orders . | . . Ally Attacks 1 | . 1 Total Damage 35 | . 35 Kills 1 | . 1 Allies Corrupted . | . . Allies Melted . | . . X0-1V1 Amusement Gains 10 | . 10 Average Entertainment 4 | . 4 Good Acts 4 | . 4 Bad Acts 9 | . 9 Intel | -11 -10 ------- Run | Yrd Mat Active Infowar (turns) 1631 | 39 1592 Seismic 1631 | 39 1592 Robot Analysis Total 1 | . 1 Derelict Logs Recovered . | . . Drone Launches . | . . Drone Recoveries . | . . Exploration | -11 -10 ------------- Run | Yrd Mat Turns Passed 2538 | 111 2427 Spaces Moved 905 | 46 859 Core 14 | 14 . Treads 335 | 32 303 Legs 556 | . 556 Wheels . | . . Hover . | . . Flight . | . . Fastest Speed 50 | 50 160 Average Speed 191 | 126 194 Slowest Speed 260 | 160 260 Overloaded Moves . | . . Propulsion Burnouts . | . . Robots Hopped . | . . Potential Cave-ins . | . . Cave-ins Triggered . | . . Exploration Rate (%) 48 | 4 92 Regions Visited 1 Branch Regions . Pre-discovered Areas 1 | . 1 Known Exits Taken . | . . Unknown Exits Taken 1 | 1 . Scrap Searched . | . . Spaces Dug 1 | . 1 Terrain Destroyed 1 | . 1 Melee . | . . Projectile 1 | . 1 AOE . | . . Terrain Rammed . | . . Walls Destroyed . | . . Machines Disabled . | . . Actions | -11 -10 --------- Run | Yrd Mat Total 1501 | 84 1417 Wait 411 | 15 396 Move 904 | 45 859 Hop . | . . Pick Up 21 | 9 12 Fast Attach 4 | 2 2 Attach 5 | 5 . Detach . | . . Swap 18 | . 18 Drop 14 | . 14 Fire 124 | 8 116 Melee . | . . Ram . | . . Kick . | . . Crush . | . . Escape Stasis . | . . Rewire . | . . Trap . | . . Miscellaneous . | . . Route ------- -11/Scrapyard -10/Materials (discovered 6 exits: *Mat x3 / *Min x2 / [*Sub]) History --------- Turn | Location | Event 9 | -11/Scrapyard | Discovered new exit (range 14) 112 | -11/Scrapyard | Entered Materials 341 | -10/Materials | Build established: Mutant 966 | -10/Materials | Discovered new exit (range 16) 1023 | -10/Materials | Discovered new exit (range 16) 1158 | -10/Materials | Core integrity fell below 50% 1352 | -10/Materials | Discovered new exit (range 11) 1672 | -10/Materials | Discovered new exit (range 9) 1689 | -10/Materials | Loaded intel: 1 repair station location 1703 | -10/Materials | Prayed at D.C.S.S. Altar Unit 1804 | -10/Materials | Learned Storage emergency access door positions 1849 | -10/Materials | Identified exit to Materials 1849 | -10/Materials | Identified exit to Mines 1873 | -10/Materials | Melee accuracy permanently improved by X0-1V1 (+5%; -50 max core) 1943 | -10/Materials | Learned 2 Mines zone layouts 1989 | -10/Materials | Learned location of 3 exits from Materials 2044 | -10/Materials | Learned location of Subcaves (-10) 2100 | -10/Materials | X0-1V1 sent hostile S-10 Pest (x3) 2504 | -10/Materials | X0-1V1 sent you into danger 2506 | -10/Materials | X0-1V1 announced a LAN party 2522 | -10/Materials | X0-1V1 sent hostile S-10 Pest (x4) 2529 | -10/Materials | X0-1V1 sent allied Chaos Knight (x1) 2531 | -10/Materials | Core integrity fell below 20% 2539 | -10/Materials | Destroyed by Y-45 Defender with Heavy Assault Rifle Last Messages --------------- Makhleb form resolidifies at new position. 02530_ Nuclear Reactor explodes. 02530_ Makhleb: "May you live in interesting times!" 02530_ S-10 Pest destroyed. 02530_ Aluminum Leg destroyed. 02530_ O-16 Technician: "IFF HANDSHAKE FAILED. SECURING TERMINAL." 02533_ X0-1V1: "The ol' switcheroo!" Y-45 Defender form resolidifies at new position. Form resolidifies at new position. Makhleb form resolidifies at new position. U-05 Engineer form resolidifies at new position. O-16 Technician form resolidifies at new position. 02533_ U-05 Engineer lays Concrete. 02536_ Y-45 Defender destroyed. 02536_ U-05 Engineer lays Concrete. 02539_ Aluminum Leg destroyed. 02539_ X0-1V1: "Big yawn energy here." Map ----- +----------------------------------------------------+ | ] # ## #??????????? | | # ## #??????????? | | "" """ # ## | #??????????? | | "" """ # ############??????????? | | "" """ # # #??????????????? | | # # """ #??????????????? | | ######## # """ #??????????????? | | ## # + """ #??????????????? | | ## "" # o# #??????????????? | | ## "T # # #??????????????? | | ## "" # ###################???? | | ## # o [[! #???? | | ## """ # [%[ < #???? | | ## """ # [[! #???? | | ## """ ###########+###### ##???? | | ## #??????# #?# #????? | | ####+########?# #?# #????? | | #?# #?# #????? | | ^ #?# ### #????? | | #?# = # #????? | | ####+###### #?#### ###### | | ?# #?# #???## ! # # | | ?# """ #?# #???# [ * # ! # | | ?# """ #?# #???# = # # | | ?? """???# ##### * K[%!# # | | ?# ??# [u @[ + # | | ?# """ ??# [ # ! # | | ?# """??## # # # | | ?# """ ?# # # | | o+ ## # # | | ?# """ + ###### | | ?# """ #########+###+### #????? | | ?# """ ????# %[ [ #?# #????? | | ?# ?????# != * #? #???? | | ?######?????# ! #? #??? | | ????????????# """ #? #??? | | ????????????# """ "" # > #??? | | ????????????# """ T" # #??? | | ????????????# "" #"" ""#??? | | ????????????# ##"!!!"##??? | | ????????????#############"""##???? | | ?????????????????????????####????? | | ?????????????????????????????????? | | ?????????????????????????????????? | | ?????????????????????????????????? | | ?????????????????????????????????? | | ?????????????????????????????????? | | ?????????????????????????????????? | | ?????????????????????????????????? | | | +----------------------------------------------------+ Best States ------------- Heat Dissipation 64 Energy Generation 14 Energy Capacity 250 Matter Stores 300 Matter Capacity 700 Sight Range 16 Terrain Scan Density 10 Evasion (%) 50 Recoil Reduction 2 Item Schematics ----------------- None Robot Schematics ------------------ None Fabricated ------------ Nothing Repaired ---------- Nothing Studied --------- None Alien Tech Used ----------------- None Achievements -------------- None Challenges ------------ None Game ------ Seed StructuralFusionClaymores Manual? 0 Play Time 00:17:40 Cumulative 54.0 hours Start 2026.08.25 @ 16:35:02 End 2026.08.25 @ 16:51:23 Sessions 1 Manual Loads 0 Difficulty Rogue Special Mode None Game No. 32 Rogue 32 Adventurer 0 Explorer 0 Win Type - Total 0 Types 0/0/0/0/0/0/0/0/0/0 Lore% 45 Gallery% 37 Achievement% 38 Wizard Run 0 Options --------- Layout 1 ASCII 0 Keyboard 0 Movement Mouse Keybinds 0 Fullscreen 1 Font 24/Smallcaps Map View 50x35 Zoom Use 0% Tactical HUD 1 Map Filters NONE Filters NONE Steam 1 RUN: c278414e-95c2-40ae-9dc0-4a1273115544